 Dungeon Crawl Stone Soup version 0.28.0 (webtiles) character file.

Game seed: 11840128510867412617

377 theElss the Skirmisher (level 6, -4/40 HPs)
             Began as a Gargoyle Berserker on Feb 17, 2022.
             Was a Believer of Trog.
             Slain by a white imp (5 damage)
             ... on level 5 of the Dungeon.
             The game lasted 00:05:05 (3081 turns).

theElss the Skirmisher (Gargoyle Berserker)         Turns: 3081, Time: 00:05:05

Health: -4/40      AC:  7    Str: 21    XL:     6   Next: 73%
Magic:  6/6        EV: 12    Int:  7    God:    Trog [**....]
Gold:   138        SH:  0    Dex: 11    Spells: 5/5 levels left

rFire   . . .      SeeInvis .   c - +1 whip (venom)
rCold   . . .      Faith    .   (no shield)
rNeg    + . .      Spirit   .   e - +0 leather armour
rPois   ∞          Reflect  .   (no helmet)
rElec   +          Harm     .   (no cloak)
rCorr   .          Rampage  .   (no gloves)
Will    .....                   (no boots)
Stlth   +.........              (no amulet)
HPRegen 0.13/turn               (no ring)
MPRegen 0.10/turn               (no ring)

@: on berserk cooldown, slowed, very slow
A: sickness immunity, AC +4, negative energy resistance 1, electricity
resistance, torment resistance 1, petrification resistance
a: Renounce Religion, Berserk, Trog's Hand


You were on level 5 of the Dungeon.
You worshipped Trog.
Trog was pleased with you.
You visited 1 branch of the dungeon, and saw 5 of its levels.

You collected 138 gold pieces.

Inventory:

Hand Weapons
 a - a +0 mace
 c - a +1 whip of venom (weapon)
Armour
 b - a +0 animal skin
 e - a +0 leather armour (worn)
Jewellery
 j - a ring of positive energy
Scrolls
 d - 2 scrolls of blinking {unknown}
 g - 2 scrolls of teleportation {unknown}
 h - a scroll of identify {unknown}
 i - a scroll of amnesia {unknown}


   Skills:
 + Level 4.9 Fighting
 + Level 4.4 Maces & Flails
 + Level 4.1 Armour
 + Level 3.1 Dodging


You had 5 spell levels left.
You didn't know any spells.
Your spell library was empty.

Dungeon Overview and Level Annotations

Branches:
Dungeon (5/15)
 Temple: D:4-7

Altars:

Annotations:
D:3 3 runed translucent doors, dorian's ghost, amateur DrFE


Innate Abilities, Weirdness & Mutations

You are immune to sickness and miasma.
Your stone body is resilient. (AC +4)
You are immune to poison.
You resist negative energy. (rN+)
You are resistant to electric shocks. (rElec)
You are resistant to unholy torment.
You are immune to petrification.


Message History

Trog accepts your kill. The hobgoblin barely misses you.
You feel a strong urge to attack something.
You are no longer berserk.
You are exhausted.
You feel yourself slow down.
There is a stone staircase leading down here.
Your skin stops crawling.
You feel less strong-willed. The wight closely misses you.
You climb downwards.
Found 29 gold pieces and 12 bolts.
There is a stone staircase leading up here.
A white imp comes into view.
Found a bubbling black potion.
The white imp shouts, "Repent, thou fobbing rump-fed vassal!"
You hear a shout!
There is a stone staircase leading up here.
You swing at nothing.
You swing at nothing.
The white imp spits at you.
You swing at nothing.
The white imp gestures at you.
The puff of frost hits you but does no damage.
You swing at nothing.
The white imp gestures at you. The puff of frost hits you.
* * * LOW HITPOINT WARNING * * *
The white imp hits you but does no damage.
The white imp gestures at you. The puff of frost hits you.
* * * LOW HITPOINT WARNING * * *
You barely miss the white imp. The white imp barely misses you.
Unknown command.
It was a potion of magic.
Magic courses through your body. The white imp barely misses you.
Unknown command.
You barely miss the white imp. The white imp hits you.
* * * LOW HITPOINT WARNING * * *
The white imp freezes you.
You die...

.# ######
.##.....#.
$(........
#.........
#.$.......
#.........
#..5.....!
#<@.......
#.........
##........
##.......
#######


You could see a white imp.

Vanquished Creatures
  3 wights (D:4)
  3 orc priests (D:3)
  3 orc wizards
  3 adders
  A worm (D:2)
  2 dart slugs (D:1)
  9 orcs
  4 endoplasms
  2 giant cockroaches
  5 goblins
  4 hobgoblins
  3 jackals (D:2)
  3 quokkas
  5 ball pythons
  5 bats
  5 frilled lizards
  5 kobolds
  3 rats
68 creatures vanquished.

Notes
Turn   | Place    | Note
-------+----------+-------------------------------------------
     0 | D:1      | theElss the Gargoyle Berserker began the quest for the Orb.
     0 | D:1      | Reached XP level 1. HP: 14/14 MP: 1/1
   150 | D:1      | Reached XP level 2. HP: 19/19 MP: 2/2
   585 | D:1      | Found a faded altar of an unknown god.
   894 | D:2      | Reached XP level 3. HP: 16/23 MP: 3/3
  1823 | D:2      | Reached ** piety under Trog
  1986 | D:2      | Reached XP level 4. HP: 21/29 MP: 4/4
  2431 | D:3      | Reached XP level 5. HP: 29/33 MP: 5/5
  2500 | D:3      | Found a runed translucent gate.
  2500 | D:3      | Found a runed translucent gate.
  2503 | D:3      | Found a runed translucent gate.
  2572 | D:3      | Reached XP level 6. HP: 39/39 MP: 6/6
  2803 | D:3      | Noticed dorian's ghost (amateur DrFE)
  3071 | D:5      | Entered Level 5 of the Dungeon
  3081 | D:5      | HP: 1/40 [white imp (2)]
  3081 | D:5      | Slain by a white imp

Illustrated notes

Levels and vault maps discovered:
D:1:      minmay_arrival_hallway, layout_basic,
          dilly_ecumenical_altar_fadedgnrine
D:2:      mumra_celtic_spiral_tile, layout_basic
D:3:      layout_basic, gammafunk_ghost_icy, kennysheep_small_spiral,
          chequers_serial_rivers_large_a
D:4:      layout_basic, serial_shops, shop, kennysheep_little_box, uniq_edmund,
          uniq_duvessa, uniq_sigmund
D:5:      layout_rooms, ebering_ghost_sewer_d, uniq_prince_ribbit1

Skill      XL: |  1  2  3  4  5  6 |
---------------+-------------------+-----
Dodging        | 2 3 |  3.1
Armour         | 3 4 |  4.1
Fighting       | 4 |  4.9
Maces & Flails | 4 |  4.4

Action                   |  1- 3 |  4- 6 || total
-------------------------+-------+-------++-------
Melee: Mace              |    27 |       ||    27
       Whip              |    61 |   105 ||   166
       Punch             |       |     1 ||     1
Invok: Berserk           |     1 |     2 ||     3
       Trog's Hand       |       |     2 ||     2
  Use: Potion            |       |     1 ||     1
Armor: Animal skin       |    20 |       ||    20
       Leather armour    |    17 |    32 ||    49
Dodge: Dodged            |    54 |    43 ||    97
